 Dungeon Crawl Stone Soup version 0.32-a0-918-g0f22ef8d61 (webtiles) character file.

Game seed: 6320923243127887676

106 porpoise the Poker (level 4, 0/35 HPs)
             Began as a Demonspawn Gladiator on Apr 11, 2024.
             Slain by a ribbon worm (1 damage)
             ... on level 3 of the Dungeon.
             The game lasted 00:04:58 (2199 turns).

porpoise the Poker (Demonspawn Gladiator)           Turns: 2199, Time: 00:04:59

Health: 0/35       AC: 15    Str: 17    XL:     4   Next: 55%
Magic:  4/4        EV:  9    Int:  8    God:
Gold:   109        SH:  0    Dex: 14    Spells: 3/3 levels left

rFire   + . .        a - +0 trident
rCold   + . .        (no shield)
rNeg    + + .        p - +5 scale mail of the Hanged Man {-Cast Fly rElec rN++}
rPois   +            c - +0 helmet
rElec   +            (no cloak)
rCorr   +            q - +2 pair of gloves
SInv    .            (no boots)
Will    +....        (no amulet) Stlth
                     (no ring)
HPRegen 0.25/turn    (no ring)
MPRegen 0.09/turn

%: no spellcasting
@: resistant, enlightened, flying
A: claws 1, hooves 1, powered by death 1
a: no special abilities


You were on level 3 of the Dungeon.
You visited 1 branch of the dungeon, and saw 3 of its levels.

You collected 109 gold pieces.

Inventory:

Hand Weapons
 a - a +0 trident (weapon)
Missiles
 d - 3 throwing nets (quivered)
 e - 4 javelins
Armour
 b - a +0 leather armour
 c - a +0 helmet (worn)
 p - the +5 scale mail of the Hanged Man (worn) {-Cast Fly rElec rN++}
   (You found it on level 2 of the Dungeon)

   rElec:     It insulates you from electricity.
   rN++:      It greatly protects you from negative energy.
   Fly:       It grants you flight.
   -Cast:     It prevents spellcasting.
 q - a +2 pair of gloves (worn)
Scrolls
 h - 3 scrolls of teleportation {unknown}
 i - a scroll of fear {unknown}
 j - a scroll of noise {unknown}
 m - a scroll of immolation {unknown}
 s - a scroll of identify {unknown}
Potions
 f - 2 potions of enlightenment
 g - a potion of resistance
 k - 2 potions of haste {unknown}
 l - a potion of brilliance {unknown}
 n - a potion of curing {unknown}
 o - a potion of lignification {unknown}
 r - a potion of heal wounds {unknown}


   Skills:
 + Level 3.2 Fighting
 + Level 3.7 Polearms
 - Level 1.7 Throwing
 - Level 2.6 Dodging
 + Level 1.6 Unarmed Combat


You had 3 spell levels left.
You didn't know any spells.
Your spell library was empty.

Dungeon Overview and Level Annotations

Branches:
Dungeon (3/15)

Altars:
Makhleb

Annotations:
D:3 Sigmund


Innate Abilities, Weirdness & Mutations

You have sharp fingernails.
You have large cloven feet.
You regenerate a little health from kills.


Message History

Sigmund is almost dead.
The ribbon worm barely misses you.
Sigmund points at you and mumbles some strange words.
You are confused.
The ribbon worm attacks as it pursues you!
The ribbon worm bites you but does no damage.
Sigmund completely misses you.
The ribbon worm attacks as it pursues you!
The ribbon worm bites you. Sigmund barely misses you.
The ribbon worm bites you.
You bump into the rock wall.
Sigmund hits you from afar with a +0 scythe.
You bump into the rock wall.
The ribbon worm barely misses you.
You bump into the rock wall.
Sigmund says, "I'm your fate."
Sigmund hits you from afar with a +0 scythe.
The ribbon worm barely misses you.
It was a potion of enlightenment.
You feel more buoyant.
You feel less confused.
The ribbon worm expels a string of sticky webbing.
The stream of webbing hits you but does no damage.
You are caught in a web!
Sigmund hits you from afar with a +0 scythe!
* * * LOW HITPOINT WARNING * * *
The web tears apart.
The ribbon worm barely misses you.
You puncture the ribbon worm!
You kick the ribbon worm, but do no damage.
The ribbon worm is heavily wounded.
Sigmund looks at you with fury. Sigmund hits you but does no damage.
You hit the ribbon worm.
The ribbon worm is severely wounded.
The ribbon worm bites you but does no damage.
Sigmund casts a spell at you. The magic dart hits you!
* * * LOW HITPOINT WARNING * * *
It was a potion of resistance.
You feel protected. The ribbon worm bites you.
You die...

###.# #......###.
#.#...#..### #
#.###).# ...
#..#####.##
.##.###..........
#............#
#####..#####>#
.######..#####..
.......@w.......
########.######.
#.@# #..# #...
#.## #. #. ##


You could see Sigmund and a ribbon worm.

Vanquished Creatures
  3 gnolls (D:3)
  2 adders (D:2)
  A ribbon worm (D:2)
  A dart slug (D:2)
  5 bats (D:2)
  6 endoplasms
  2 giant cockroaches
  2 goblins
  7 hobgoblins
  2 quokkas
  10 ball pythons
  3 frilled lizards
  5 kobolds
  3 rats
52 creatures vanquished.

Notes
Turn   | Place    | Note
-------+----------+-------------------------------------------
     0 | D:1      | porpoise the Demonspawn Gladiator began the quest for the
                  | Orb.
     0 | D:1      | Reached XP level 1. HP: 16/16 MP: 1/1
   216 | D:1      | Discovered your monstrous ancestry.
   216 | D:1      | Gained mutation: You have sharp fingernails. [demonic
                  | ancestry]
   216 | D:1      | Reached XP level 2. HP: 22/22 MP: 2/2
  1003 | D:2      | Gained mutation: You have large cloven feet. [demonic
                  | ancestry]
  1003 | D:2      | Reached XP level 3. HP: 21/28 MP: 3/3
  1075 | D:2      | Reached skill level 1 in Unarmed Combat
  1121 | D:2      | Found a burning altar of Makhleb.
  1571 | D:2      | Gained mutation: You regenerate a little health from kills.
                  | [demonic ancestry]
  1571 | D:2      | Reached XP level 4. HP: 27/35 MP: 4/4
  1672 | D:2      | Identified the +5 scale mail of the Hanged Man {-Cast Fly
                  | rElec rN++}
  2174 | D:3      | Noticed Sigmund
  2198 | D:3      | HP: 1/35 [Sigmund/magic dart (8)]
  2199 | D:3      | Slain by a ribbon worm

Illustrated notes

Levels and vault maps discovered:
D:1:      amcnicky_arrival_double_pillar, layout_basic, serial_forest,
          infiniplex_forest_join, infiniplex_forest_lined_room_2,
          infiniplex_forest_end_2, infiniplex_forest_corner_1,
          infiniplex_forest_clump_tiny, infiniplex_forest_pool,
          infiniplex_forest_end_1
D:2:      layout_basic, basic_altar
D:3:      layout_loops_ring, slow_altar_1,
          hellmonk_ecumenical_altar_pennies_from_heaven, minivault_23,
          grunt_decor_cap, minmay_misc_feat_more_columns, grunt_ministairs_14,
          uniq_jessica, uniq_sigmund

Skill      XL: |  1  2  3 |
---------------+----------+-----
Polearms       | 3 |  3.7
Unarmed Combat | 1 |  1.6
Fighting       | 3 |  3.2
Throwing       | |  1.7
Dodging        | |  2.6

Action                     |  1- 3 |  4- 6 || total
---------------------------+-------+-------++-------
  Melee: Trident           |   135 |    42 ||   177
         Kick              |     9 |    13 ||    22
    Use: Potion            |       |     2 ||     2
   Stab: Sleeping          |     2 |       ||     2
 Armour: Leather armour    |    84 |     2 ||    86
         Scale mail        |       |    37 ||    37
  Dodge: Dodged            |    54 |    26 ||    80

Table legend: (Time is in decaauts)
 A = Elapsed time spent in this place.
 B = Non-inter-level travel time spent in this place.
 C = Inter-level travel time spent in this place.
 D = Time resting spent in this place.
 E = Time spent auto-exploring this place.
 F = Levels seen in this place.
 G = Mean time per level.
                   A        B        C        D        E       F      G
               +--------+--------+--------+--------+--------+-----+--------+
         Total |   2220 |   2153 |     67 |    132 |   1644 |   3 |  740.0 |
       Dungeon |   2220 |   2153 |     67 |    132 |   1644 |   3 |  740.0 |
               +--------+--------+--------+--------+--------+-----+--------+

Top non-repeatable levels by time:
     D:2: 1019 daAuts
     D:1: 998 daAuts
     D:3: 203 daAuts
